[Event "Titled Tuesday Blitz June 13 Early 2023"]
[White "Bharath Subramaniyam H"]
[Black "Caruana, Fabiano"]
[WhiteFideId "46634827"]
[BlackFideId "2020009"]
[WhiteElo "2400"]
[BlackElo "2832"]
[Result "0-1"]
[Round "5"]
[TimeControl "180+2"]
[Date "2023.06.13"]
[WhiteClock "0:00:05"]
[BlackClock "0:00:15"]
[Board "2"]

1. b3 Nf6 2. Bb2 g6 3. Nf3 Bg7 4. g3 O-O 5. Bg2 d6 6. d4 Nbd7 7. O-O e5 8. dxe5 Ng4 9. Nc3 Ndxe5 10. Nxe5 Nxe5 11. Qc1 c6 12. e4 Re8 13. h3 b5 14. a4 b4 15. Nd1 c5 16. Ne3 Bb7 17. f4 Nc6 18. Bxg7 Kxg7 19. f5 Nd4 20. f6+ Kh8 21. Kh2 Bxe4 22. Nd5 Bxg2 23. Qh6 Rg8 24. Kxg2 Qd7 25. Ne7 Qb7+ 26. Kg1 Nf3+ 27. Kf2 Nh2 28. Kg1 Nxf1 29. Rxf1 Qe4 30. Rf4 Qe3+ 31. Kg2 Qd2+ 32. Kg1 Qc1+ 33. Kg2 Qxc2+ 34. Kg1 Qc1+ 35. Kg2 Qd2+ 36. Kg1 Rae8 37. Qg5 c4 38. bxc4 b3 39. Qb5 b2 40. Nxg8 Re1+ 41. Rf1 Rxf1+ 42. Kxf1 Qc1+ 43. Kf2 b1=Q 44. Qe8 Qf1+ 45. Ke3 Qbd3# 0-1


[Site "https://www.chess.com"]

[Event "Titled Tuesday Blitz June 13 Early 2023"]
[White "Fedoseev, Vladimir"]
[Black "Babazada, Khazar"]
[WhiteFideId "24130737"]
[BlackFideId "13413554"]
[WhiteElo "2743"]
[BlackElo "2369"]
[Result "0-1"]
[Round "5"]
[TimeControl "180+2"]
[Date "2023.06.13"]
[WhiteClock "0:00:00"]
[BlackClock "0:00:07"]
[Board "3"]

1. e4 e5 2. Nf3 Nc6 3. d4 exd4 4. Nxd4 Nf6 5. Nxc6 bxc6 6. e5 Qe7 7. Qe2 Nd5 8. Nd2 f5 9. Nf3 a5 10. c4 Qb4+ 11. Kd1 Nb6 12. Qc2 c5 13. a4 Bb7 14. Bd3 Be4 15. b3 Nc8 16. Bxe4 fxe4 17. Ng5 Be7 18. Nxe4 O-O 19. Be3 Rb8 20. Rb1 d6 21. e6 c6 22. Ke2 d5 23. cxd5 cxd5 24. Nxc5 d4 25. Nd3 Qd6 26. Bd2 Nb6 27. Kf1 Nd5 28. Re1 Rbc8 29. Qd1 Ne3+ 30. Bxe3 dxe3 31. Rxe3 Bg5 32. Re1 Rc3 33. Ne5 Qa6+ 34. Qe2 Rc2 35. e7 Bxe7 36. Nc4 Rxe2 37. Rxe2 Bc5 38. f3 Qf6 39. Re1 Qd4 40. Re3 Qd1+ 41. Re1 Qd3+ 42. Re2 Re8 0-1


[Site "https://www.chess.com"]

[Event "Titled Tuesday Blitz June 13 Early 2023"]
[White "Dubov, Daniil"]
[Black "Elsa167"]
[WhiteFideId "24126055"]
[WhiteElo "2793"]
[BlackElo "2909"]
[Result "1-0"]
[Round "5"]
[TimeControl "180+2"]
[Date "2023.06.13"]
[WhiteClock "0:00:08"]
[BlackClock "0:00:08"]
[Board "4"]

1. c4 e6 2. g3 Nf6 3. Bg2 d5 4. Nf3 Be7 5. O-O O-O 6. d4 c6 7. Nc3 a5 8. Ne5 Nbd7 9. Bf4 Nh5 10. Bd2 Nhf6 11. Bg5 Nxe5 12. dxe5 Nd7 13. Bxe7 Qxe7 14. cxd5 exd5 15. f4 f6 16. e6 Qxe6 17. Nxd5 Qd6 18. Nc3 Qxd1 19. Rfxd1 Nc5 20. Rac1 Be6 21. Rd6 Rfd8 22. Ne4 Rxd6 23. Nxd6 Rd8 24. Rxc5 Rxd6 25. Rxa5 Rd2 26. Ra8+ Kf7 27. Ra7 Rxb2 28. Bxc6 Bxa2 29. Bxb7 Kg6 30. Be4+ Kh6 31. Kf2 Bc4 32. Bf3 Rb8 33. Rc7 Bg8 34. h4 Rf8 35. g4 g5 36. hxg5+ fxg5 37. f5 Bf7 38. e4 Kg7 39. e5 Kg8 40. e6 Be8 41. Bd5 Rf6 42. Ke3 h5 43. Kd4 hxg4 44. Ke5 Rh6 45. f6 g3 46. Rc8 g2 47. Rxe8+ Kh7 48. Be4+ Rg6 49. Bxg2 g4 50. Be4 g3 51. Bxg6+ Kh6 52. Rh8+ Kg5 53. Be4 g2 54. Rg8+ Kh4 55. Rxg2 Kh3 56. f7 Kh4 57. f8=Q Kh3 58. Qh8# 1-0


[Site "https://www.chess.com"]

[Event "Titled Tuesday Blitz June 13 Early 2023"]
[White "Deac, Bogdan-Daniel"]
[Black "Bacrot, Etienne"]
[WhiteFideId "1226380"]
[BlackFideId "605506"]
[WhiteElo "2644"]
[BlackElo "2672"]
[Result "0-1"]
[Round "5"]
[TimeControl "180+2"]
[Date "2023.06.13"]
[WhiteClock "0:00:00"]
[BlackClock "0:00:03"]
[Board "5"]

1. d4 d5 2. c4 e6 3. Nf3 Nf6 4. Nc3 Be7 5. g3 O-O 6. Bg2 dxc4 7. Ne5 Nc6 8. Bxc6 bxc6 9. Nxc6 Qd6 10. Nxe7+ Qxe7 11. Qa4 Nd5 12. O-O a5 13. Re1 Ba6 14. Qxa5 Nb4 15. Rd1 Rfd8 16. Bf4 Nc2 17. Rac1 Nxd4 18. Bxc7 Rd7 19. Bf4 Bb7 20. Qh5 Rad8 21. Be5 Qc5 22. Rxd4 Rxd4 23. Qg5 f6 24. Bxf6 Qxg5 25. Bxg5 Ra8 26. Be3 Rd7 27. f3 Kf7 28. Kf2 e5 29. a3 Ke6 30. Bc5 Bc6 31. Ke3 Rad8 32. Rc2 Rb8 33. Bb4 g5 34. Ne4 Bxe4 35. Kxe4 Rc8 36. g4 h5 37. gxh5 Rd4+ 38. Ke3 Rh4 39. Bc3 Rxh5 40. Rc1 Rxh2 41. Rg1 Kf5 42. Rg3 Rch8 43. a4 R2h3 44. Rg1 Rh1 45. Rg4 R8h4 46. Rg2 Ra1 47. a5 Rh3 48. Rg4 Rh4 49. Rg2 e4 50. Kf2 exf3 51. exf3 Rh3 52. Bd2 Ra2 0-1


[Site "https://www.chess.com"]

[Event "Titled Tuesday Blitz June 13 Early 2023"]
[White "Xu, Yi"]
[Black "Henriquez Villagra, Cristobal"]
[WhiteFideId "8605564"]
[BlackFideId "3409350"]
[WhiteElo "2460"]
[BlackElo "2542"]
[Result "1-0"]
[Round "5"]
[TimeControl "180+2"]
[Date "2023.06.13"]
[WhiteClock "0:00:04"]
[BlackClock "0:00:00"]
[Board "6"]

1. e4 d6 2. d4 Nf6 3. Nc3 e5 4. Nf3 Nbd7 5. Bc4 Be7 6. O-O O-O 7. a4 h6 8. Re1 c6 9. h3 Re8 10. a5 Bf8 11. Bb3 exd4 12. Qxd4 Nc5 13. Bf4 Nxb3 14. cxb3 Be6 15. b4 d5 16. e5 Nd7 17. Na4 b6 18. a6 c5 19. Qd3 Qc8 20. b5 c4 21. Qc2 Nc5 22. Nxc5 bxc5 23. b3 cxb3 24. Qxb3 d4 25. Qb2 Rb8 26. Nd2 Qd7 27. Ne4 Rxb5 28. Qe2 Reb8 29. Qh5 Be7 30. Bxh6 Bf5 31. Bg5 Bg6 32. Qh4 Bf8 33. Nd6 Bxd6 34. exd6 d3 35. Re7 Qxd6 36. Bf4 Qd4 37. Rae1 Rf8 38. Re8 Bh7 39. Rxf8+ Kxf8 40. Qxh7 f6 41. Qh8+ 1-0


[Site "https://www.chess.com"]

[Event "Titled Tuesday Blitz June 13 Early 2023"]
[White "Kosakowski, Jakub"]
[Black "Zhigalko, Sergei"]
[WhiteFideId "1185080"]
[BlackFideId "13502956"]
[WhiteElo "2488"]
[BlackElo "2626"]
[Result "0-1"]
[Round "5"]
[TimeControl "180+2"]
[Date "2023.06.13"]
[WhiteClock "0:00:11"]
[BlackClock "0:00:10"]
[Board "7"]

1. Nf3 d5 2. g3 c6 3. Bg2 Bg4 4. O-O e6 5. c4 Nf6 6. d3 Be7 7. cxd5 cxd5 8. e4 Nc6 9. Nc3 O-O 10. h3 Bh5 11. g4 Bg6 12. Nh4 d4 13. Ne2 Nd7 14. Nxg6 hxg6 15. f4 a5 16. Bd2 Bb4 17. Rc1 Rc8 18. e5 Qb6 19. Ng3 Nc5 20. Rf3 a4 21. Bxb4 Nxb4 22. a3 Nbxd3 23. Rxd3 Nxd3 24. Rxc8 Rxc8 25. Qxd3 Qxb2 26. f5 Rc3 27. Qe2 Qxe2 28. Nxe2 Rxa3 29. fxe6 fxe6 30. Nxd4 Rd3 31. Nxe6 a3 32. Nc5 Rd1+ 33. Kh2 a2 34. Nb3 Rb1 0-1


[Site "https://www.chess.com"]

[Event "Titled Tuesday Blitz June 13 Early 2023"]
[White "Lintchevski, Daniil"]
[Black "Mekhitarian, Krikor Sevag"]
[WhiteFideId "4171055"]
[BlackFideId "2107660"]
[WhiteElo "2559"]
[BlackElo "2604"]
[Result "1-0"]
[Round "5"]
[TimeControl "180+2"]
[Date "2023.06.13"]
[WhiteClock "0:00:29"]
[BlackClock "0:00:00"]
[Board "8"]

1. e4 e6 2. d4 d5 3. Nd2 c5 4. Ngf3 cxd4 5. Nxd4 Nf6 6. exd5 Nxd5 7. N2f3 Be7 8. Bc4 O-O 9. O-O Nc6 10. Nxc6 bxc6 11. Qe2 Qc7 12. Bd2 Bb7 13. Ba6 Bxa6 14. Qxa6 Qb6 15. Qxb6 axb6 16. c4 Nf6 17. Be3 b5 18. Rfc1 bxc4 19. Rxc4 Nd5 20. Bd4 Rfc8 21. a3 c5 22. Bc3 Nb6 23. Re4 Na4 24. g4 Nxc3 25. bxc3 c4 26. a4 Bf6 27. Ra3 Rc5 28. Nd2 h5 29. Rxc4 Rxc4 30. Nxc4 hxg4 31. a5 Ra6 32. Rb3 Kh7 33. Kf1 Bd8 34. Ke2 Bxa5 35. Ra3 Rc6 36. Nxa5 Rc5 37. c4 f5 38. Kd3 f4 39. Nb3 Rh5 40. c5 Rxh2 41. c6 g3 42. fxg3 fxg3 43. Ra1 1-0


[Site "https://www.chess.com"]

[Event "Titled Tuesday Blitz June 13 Early 2023"]
[White "Gharibyan, Mamikon"]
[Black "Carlsen, Magnus"]
[WhiteFideId "13308300"]
[BlackFideId "1503014"]
[WhiteElo "2445"]
[BlackElo "2858"]
[Result "0-1"]
[Round "5"]
[TimeControl "180+2"]
[Date "2023.06.13"]
[WhiteClock "0:00:01"]
[BlackClock "0:00:39"]
[Board "9"]

1. d4 d5 2. c4 e6 3. Nc3 Nf6 4. cxd5 exd5 5. Bg5 c6 6. e3 Be7 7. Bd3 h6 8. Bf4 O-O 9. h3 Bd6 10. Qf3 Re8 11. Nge2 Bxf4 12. Nxf4 Nbd7 13. g4 c5 14. O-O-O cxd4 15. exd4 Ne4 16. Nfxd5 Nxc3 17. Nxc3 Nf6 18. Bc4 Bd7 19. Kb1 b5 20. Nxb5 Rb8 21. Nc3 Rb4 22. Bb3 a5 23. Nd5 Nxd5 24. Qxd5 Rf8 25. Rhe1 a4 26. Bc2 Qb6 27. Qxd7 Rxb2+ 28. Kc1 Rxa2 29. Qf5 Qb2+ 30. Kd2 Qxd4+ 31. Qd3 Rxc2+ 32. Kxc2 Rc8+ 33. Kd2 Qb2+ 34. Ke3 Rc3 35. Re2 Qb6+ 36. Kf3 Qc6+ 37. Re4 a3 38. Kf4 Rxd3 39. Rxd3 a2 0-1


[Site "https://www.chess.com"]

[Event "Titled Tuesday Blitz June 13 Early 2023"]
[White "Nihal Sarin"]
[Black "Talibov, Shiroghlan"]
[WhiteFideId "25092340"]
[BlackFideId "13429078"]
[WhiteElo "2689"]
[BlackElo "2274"]
[Result "1-0"]
[Round "5"]
[TimeControl "180+2"]
[Date "2023.06.13"]
[WhiteClock "0:00:37"]
[BlackClock "0:00:05"]
[Board "10"]

1. d4 Nf6 2. Nf3 d5 3. c4 e6 4. g3 Be7 5. Bg2 O-O 6. Qd3 dxc4 7. Qxc4 a6 8. Ne5 Nbd7 9. O-O c6 10. Nc3 Nd5 11. Nd3 Re8 12. Rd1 Bf8 13. e4 Nxc3 14. Qxc3 e5 15. Be3 exd4 16. Bxd4 Qe7 17. Rac1 Nf6 18. Bc5 Qc7 19. Bxf8 Kxf8 20. e5 Nd7 21. f4 Kg8 22. Nf2 Qb6 23. Qd4 Qxd4 24. Rxd4 Nf8 25. Ne4 Be6 26. Nd6 Re7 27. Rb4 Ra7 28. a3 g6 29. Kf2 Rc7 30. Ne8 Rc8 31. Nf6+ Kg7 32. Rd1 b5 33. Rbd4 c5 34. Rd8 Rxd8 35. Rxd8 a5 36. g4 b4 37. Be4 Re7 38. axb4 axb4 39. Rb8 Nd7 40. Rg8+ 1-0


[Site "https://www.chess.com"]

[Event "Titled Tuesday Blitz June 13 Early 2023"]
[White "Paravyan, David"]
[Black "Molina, Roberto Junio Brito"]
[WhiteFideId "4194985"]
[BlackFideId "2109450"]
[WhiteElo "2563"]
[BlackElo "2376"]
[Result "1-0"]
[Round "5"]
[TimeControl "180+2"]
[Date "2023.06.13"]
[WhiteClock "0:00:59"]
[BlackClock "0:01:06"]
[Board "11"]

1. e4 c6 2. d4 d5 3. e5 Bf5 4. Nf3 e6 5. Be2 Nd7 6. O-O Bg6 7. a4 Nh6 8. a5 Nf5 9. a6 b5 10. c3 Be7 11. Nbd2 O-O 12. b4 Rb8 13. Nb3 Rb6 14. g4 Nh4 15. Nxh4 Bxh4 16. f4 f5 17. g5 h6 18. gxh6 gxh6 19. Kh1 Kh7 20. Be3 Rg8 21. Rg1 Qe7 22. Bf3 Rbb8 23. Ra2 Rg7 24. Na5 Rb6 25. Rag2 Rxa6 26. Bh5 Nf8 27. Bxg6+ Rxg6 28. Qh5 Rxg2 29. Kxg2 Rb6 30. Kh3 1-0


[Site "https://www.chess.com"]

[Event "Titled Tuesday Blitz June 13 Early 2023"]
[White "Pranesh M"]
[Black "Krzyzanowski, Marcin"]
[WhiteFideId "35028600"]
[BlackFideId "1132199"]
[WhiteElo "2437"]
[BlackElo "2471"]
[Result "1-0"]
[Round "5"]
[TimeControl "180+2"]
[Date "2023.06.13"]
[WhiteClock "0:01:33"]
[BlackClock "0:00:13"]
[Board "12"]

1. e4 e5 2. Nf3 Nc6 3. Bc4 Nf6 4. Ng5 d5 5. exd5 Na5 6. Bb5+ c6 7. dxc6 bxc6 8. Qf3 Be7 9. Bd3 O-O 10. Nc3 h6 11. Nge4 Nxe4 12. Bxe4 Be6 13. Bf5 Bxf5 14. Qxf5 Nc4 15. O-O Rb8 16. b3 Nd6 17. Qxe5 Bf6 18. Qf4 Re8 19. Bb2 Bg5 20. Qf3 c5 21. d3 Rb4 22. Rae1 Rxe1 23. Rxe1 c4 24. Nd5 Rb8 25. dxc4 Nxc4 26. Bxg7 Kxg7 27. bxc4 Qa5 28. Qe4 Rb6 29. Nxb6 Qxb6 30. h4 Bf6 31. Re3 1-0


[Site "https://www.chess.com"]

[Event "Titled Tuesday Blitz June 13 Early 2023"]
[White "Yeletsky, Ivan"]
[Black "Andreikin, Dmitry"]
[WhiteFideId "24180327"]
[BlackFideId "4158814"]
[WhiteElo "2380"]
[BlackElo "2736"]
[Result "1-0"]
[Round "5"]
[TimeControl "180+2"]
[Date "2023.06.13"]
[WhiteClock "0:00:56"]
[BlackClock "0:00:48"]
[Board "13"]

1. c4 e6 2. d4 Nf6 3. Nc3 Bb4 4. e3 O-O 5. Bd3 d6 6. Ne2 e5 7. O-O Re8 8. a3 Bxc3 9. Nxc3 Nc6 10. Bc2 Bg4 11. f3 exd4 12. exd4 Bh5 13. Bg5 h6 14. Bh4 a5 15. b3 Kh8 16. Ra2 Rg8 17. Ne4 g5 18. Be1 Nxe4 19. Bxe4 Bg6 20. Raf2 Qf6 21. Bc3 Rae8 22. Qd2 Kh7 23. d5 Ne5 24. f4 gxf4 25. Rxf4 Qe7 26. Bxe5 Qxe5 27. Rxf7+ Rg7 28. Bxg6+ Kxg6 29. Qd3+ Qe4 30. Qg3+ 1-0


[Site "https://www.chess.com"]

[Event "Titled Tuesday Blitz June 13 Early 2023"]
[White "Matlakov, Maxim"]
[Black "Chigaev, Maksim"]
[WhiteFideId "4168003"]
[BlackFideId "4108116"]
[WhiteElo "2666"]
[BlackElo "2561"]
[Result "0-1"]
[Round "5"]
[TimeControl "180+2"]
[Date "2023.06.13"]
[WhiteClock "0:00:03"]
[BlackClock "0:00:06"]
[Board "14"]

1. e4 e6 2. d3 d5 3. Nd2 c5 4. Ngf3 Nc6 5. g3 Nf6 6. Bg2 g6 7. O-O Bg7 8. Re1 O-O 9. c3 a5 10. a4 b6 11. exd5 exd5 12. Nb3 h6 13. Bf4 Be6 14. d4 c4 15. Nbd2 Re8 16. b3 Rc8 17. Ne5 cxb3 18. Qxb3 Ne7 19. Rab1 Nf5 20. Qxb6 Qxb6 21. Rxb6 g5 22. Be3 Rxc3 23. Ra6 Nd7 24. Rxe6 Rxe6 25. Bxd5 Re7 26. Ne4 Rxe3 27. fxe3 Nxe5 28. dxe5 Rxe5 29. Bc6 g4 30. Kf2 h5 31. Rb1 Bh6 32. Rb3 Kg7 33. Bd7 Nxe3 34. Nd6 Nd1+ 35. Kf1 Ne3+ 36. Kg1 Rd5 37. Ne8+ Kf8 38. Nf6 Rd1+ 39. Kf2 Rf1+ 40. Ke2 Rxf6 0-1


[Site "https://www.chess.com"]

[Event "Titled Tuesday Blitz June 13 Early 2023"]
[White "Kramnik, Vladimir"]
[Black "Csonka, Balazs"]
[WhiteFideId "4101588"]
[BlackFideId "742910"]
[WhiteElo "2703"]
[BlackElo "2404"]
[Result "1-0"]
[Round "5"]
[TimeControl "180+2"]
[Date "2023.06.13"]
[WhiteClock "0:00:31"]
[BlackClock "0:00:03"]
[Board "16"]

1. e4 e5 2. Nf3 Nc6 3. g3 Nf6 4. d3 Bc5 5. Bg2 O-O 6. O-O d6 7. c3 a5 8. a4 h6 9. Re1 Re8 10. Na3 Ba7 11. Nb5 Bb6 12. h3 Bd7 13. d4 exd4 14. Nfxd4 Nxd4 15. cxd4 Bxb5 16. axb5 Qd7 17. Qd3 Re7 18. Bd2 Qe8 19. Kh2 Qb8 20. f4 Qa7 21. e5 dxe5 22. fxe5 Nd7 23. Bc3 Rae8 24. Rad1 Qb8 25. Qf3 c5 26. bxc6 bxc6 27. Qxc6 Nf8 28. Rf1 Ng6 29. Qf3 Rd8 30. Qh5 Qa7 31. d5 Be3 32. e6 1-0


[Site "https://www.chess.com"]

[Event "Titled Tuesday Blitz June 13 Early 2023"]
[White "Keymer, Vincent"]
[Black "Matinian, Nikita"]
[WhiteFideId "12940690"]
[BlackFideId "24129100"]
[WhiteElo "2669"]
[BlackElo "2422"]
[Result "1-0"]
[Round "5"]
[TimeControl "180+2"]
[Date "2023.06.13"]
[WhiteClock "0:00:05"]
[BlackClock "0:00:00"]
[Board "17"]

1. a3 d6 2. Nf3 g6 3. d4 Bg7 4. e4 Nf6 5. Nc3 O-O 6. Bc4 Bg4 7. Be2 Bxf3 8. Bxf3 e5 9. d5 Nbd7 10. h4 h5 11. Be3 a6 12. a4 a5 13. Qe2 Nc5 14. Bxc5 dxc5 15. g4 hxg4 16. Bxg4 Bh6 17. h5 Kg7 18. hxg6 fxg6 19. Be6 Nh5 20. Rxh5 gxh5 21. Qxh5 Qg5 22. Qxg5+ Bxg5 23. Ke2 Rf4 24. Rg1 Kf6 25. Bf5 Rh8 26. Rg2 Rh1 27. Nd1 Rfh4 28. b3 R4h2 29. Rxh2 Rxh2 30. Nb2 Bh4 31. Nd3 b6 32. Kf3 Bg5 33. Ke2 Rh1 34. Bd7 Bh4 35. Bb5 Rh2 36. Bc4 Bg5 37. Kf1 Rh1+ 38. Ke2 Bf4 39. Kf3 Rh3+ 40. Kg4 Rh2 41. Kf3 Rh3+ 42. Ke2 Rh2 43. Ba6 Rh1 44. Ne1 Rh2 45. Nf3 Rh1 46. Bd3 Rc1 47. Ne1 Ra1 48. Ng2 Kg5 49. Ne1 Rb1 50. Nf3+ Kf6 51. Ne1 Ra1 52. Ng2 Kg5 53. Ne1 Bc1 54. Nf3+ Kf6 55. Nh4 Bb2 56. Nf5 Bc3 57. d6 cxd6 58. Nxd6 Re1+ 59. Kf3 Bd4 60. Nc4 Rh1 61. Kg2 Rd1 62. Nxb6 Rd2 63. Nc4 Rxf2+ 64. Kg3 Ke7 65. Nxa5 Rd2 66. Nc4 Rd1 67. Kf3 Ra1 68. Ke2 Kf6 69. Kd2 Bg1 70. c3 Ra2+ 71. Kc1 Rh2 72. Bc2 Rh7 73. a5 Bh2 74. Kb2 Bf4 75. Ka3 Ke7 76. Ka4 Kd7 77. Kb5 Kc8 78. Kxc5 Rc7+ 79. Kd5 Kb7 80. b4 Ka6 81. Ba4 Rc8 82. Bd7 Rd8 83. Nb6 Bd2 84. Kc4 Be3 85. Bb5+ Kb7 86. Nd5 Rc8+ 87. Kb3 Bd2 88. c4 Rg8 89. c5 Rg1 90. a6+ Ka7 91. Bd3 Rc1 92. b5 Rxc5 93. b6+ Ka8 94. Ka4 Rc1 95. Bb5 Ra1+ 96. Kb3 Rb1+ 97. Kc4 Rc1+ 98. Kd3 Ba5 99. Bd7 Rd1+ 100. Kc4 Rb1 101. Bc6+ Kb8 102. a7+ 1-0


[Site "https://www.chess.com"]

[Event "Titled Tuesday Blitz June 13 Early 2023"]
[White "Arabidze, Meri"]
[Black "Terry, Renato"]
[WhiteFideId "13604040"]
[BlackFideId "3803457"]
[WhiteElo "2405"]
[BlackElo "2575"]
[Result "0-1"]
[Round "5"]
[TimeControl "180+2"]
[Date "2023.06.13"]
[WhiteClock "0:00:06"]
[BlackClock "0:00:03"]
[Board "18"]

1. d4 e6 2. c4 Bb4+ 3. Bd2 Qe7 4. Nf3 Nf6 5. g3 Nc6 6. Nc3 O-O 7. Bg2 d6 8. O-O Bxc3 9. Bxc3 Ne4 10. Rc1 Nxc3 11. Rxc3 e5 12. d5 Nb8 13. b4 Bg4 14. c5 a5 15. a3 axb4 16. axb4 Na6 17. cxd6 Qxd6 18. Nd2 Bd7 19. Qc1 Rfe8 20. Qb2 Bb5 21. Ne4 Qb6 22. Nc5 Rad8 23. Rfc1 Re7 24. h4 h6 25. e3 Nb8 26. Nxb7 Rde8 27. Na5 e4 28. Bf1 Bxf1 29. Rxf1 g5 30. hxg5 hxg5 31. Nc6 Rd7 32. Rfc1 Rxd5 33. Nxb8 Rxb8 34. Rxc7 Rbd8 35. Rc8 Kh7 36. R1c7 Qe6 37. Rxd8 Rxd8 38. Qc2 Qf5 39. Rc5 Qf3 40. Rxg5 Rd1+ 41. Qxd1 Qxd1+ 42. Kg2 Qf3+ 43. Kg1 f6 44. Rd5 Qe2 45. Rf5 Kg6 46. Rf4 f5 47. Rh4 Kg5 48. Rf4 Qe1+ 49. Kg2 Qxb4 50. Rh4 Qb1 51. Rf4 Qd1 52. Rh4 Qd5 53. Rf4 Kg6 54. Rh4 Kf6 55. Rf4 Ke6 56. g4 fxg4 57. Rxg4 Qf5 58. Rf4 Qg6+ 59. Kf1 Kd5 60. Ke2 Kc4 61. Rf8 Qg4+ 62. Kf1 Kc3 63. Rd8 Qh3+ 64. Ke2 Qh5+ 65. Kf1 Qh1+ 66. Ke2 Qf3+ 67. Ke1 Kc2 68. Rd4 Qg4 69. Rc4+ Kd3 70. Rd4+ Kc3 71. Kf1 Qg6 72. Ke2 Qg2 73. Ke1 Kc2 74. Rc4+ Kd3 75. Rd4+ Kc3 76. Ke2 Qh1 77. Rd8 Qh3 78. Rd4 Kc2 79. Rc4+ Kb3 80. Rxe4 Qh5+ 81. f3 Qh2+ 82. Kd3 Qc2+ 83. Kd4 Qc7 84. Re5 Qd6+ 85. Ke4 Qg6+ 86. Kf4 Qf6+ 87. Rf5 Qh4+ 88. Ke5 Kc4 89. f4 Qe7# 0-1


[Site "https://www.chess.com"]

[Event "Titled Tuesday Blitz June 13 Early 2023"]
[White "Le, Tuan Minh"]
[Black "Skvortsov, Andrei"]
[WhiteFideId "12401153"]
[BlackFideId "24108600"]
[WhiteElo "2566"]
[BlackElo "2259"]
[Result "1-0"]
[Round "5"]
[TimeControl "180+2"]
[Date "2023.06.13"]
[WhiteClock "0:00:53"]
[BlackClock "0:00:00"]
[Board "19"]

1. d4 e6 2. Nf3 d5 3. Bf4 Bd6 4. e3 Ne7 5. Bg3 O-O 6. c4 c5 7. Nc3 cxd4 8. Nxd4 Nbc6 9. cxd5 exd5 10. Be2 Be6 11. O-O Rc8 12. Rc1 Ne5 13. Ndb5 Bb8 14. Nxa7 Bxa7 15. Bxe5 Nc6 16. Bg3 d4 17. Nb5 dxe3 18. Nxa7 Nxa7 19. fxe3 Qb6 20. Qd4 Qxd4 21. exd4 Nc6 22. Rcd1 Rfd8 23. Bf3 Bd5 24. Bg4 Be6 25. Bxe6 fxe6 26. Bf2 Rd5 27. Rfe1 Kf7 28. Rd3 Re8 29. Rf3+ Ke7 30. Rb3 b5 31. Rc3 Kd7 32. Rec1 Rc8 33. a3 h5 34. h3 g6 35. Rc5 Rxc5 36. dxc5 Rf8 37. Rd1+ Kc7 38. Rd6 Nd8 39. Bg3 Kc8 40. Rb6 Rf5 41. Rxb5 Rd5 42. a4 Nc6 43. a5 Rd3 44. Bd6 Rd1+ 45. Kf2 Ra1 46. b4 Ra2+ 47. Ke3 Ra3+ 48. Kf4 Ra2 49. Rb6 Kd7 50. Rb7+ Kd8 51. g4 hxg4 52. hxg4 Rf2+ 53. Kg5 Rb2 54. a6 Ra2 55. b5 1-0


[Site "https://www.chess.com"]

[Event "Titled Tuesday Blitz June 13 Early 2023"]
[White "Sarana, Alexey"]
[Black "Maatman, Nick"]
[WhiteFideId "24133795"]
[BlackFideId "1040391"]
[WhiteElo "2714"]
[BlackElo "2713"]
[Result "1-0"]
[Round "5"]
[TimeControl "180+2"]
[Date "2023.06.13"]
[WhiteClock "0:00:49"]
[BlackClock "0:00:05"]
[Board "20"]

1. c4 e6 2. Nc3 d5 3. d4 Nf6 4. cxd5 exd5 5. Bf4 c6 6. e3 Bd6 7. Bxd6 Qxd6 8. Bd3 O-O 9. h3 a5 10. Nf3 Re8 11. O-O Nbd7 12. Qc2 Nf8 13. Ne5 b5 14. f4 Ba6 15. Rac1 b4 16. Na4 Bxd3 17. Qxd3 Rac8 18. Rc2 N6d7 19. Rfc1 Nb8 20. Rc5 f6 21. Nf3 Qd8 22. a3 Nfd7 23. R5c2 Nb6 24. Nxb6 Qxb6 25. Nh4 Re4 26. Nf5 Qc7 27. axb4 axb4 28. Qb3 Qd7 29. Ng3 Re7 30. Nf1 Rce8 31. Qxb4 h5 32. Rc3 h4 33. Rb3 Qf5 34. Qd6 Re6 35. Qc7 R6e7 36. Qb6 Re6 37. Qa7 R6e7 38. Qa8 Kh7 39. Rxb8 1-0


[Site "https://www.chess.com"]

[Event "Titled Tuesday Blitz June 13 Early 2023"]
[White "Duda, Jan-Krzysztof"]
[Black "benny_aizenberg"]
[WhiteFideId "1170546"]
[WhiteElo "2783"]
[BlackElo "2708"]
[Result "1-0"]
[Round "5"]
[TimeControl "180+2"]
[Date "2023.06.13"]
[WhiteClock "0:01:34"]
[BlackClock "0:00:01"]
[Board "21"]

1. c4 g6 2. Nc3 c5 3. g3 Bg7 4. Bg2 Nc6 5. d3 e6 6. e4 Nge7 7. Nge2 O-O 8. Be3 d6 9. d4 cxd4 10. Nxd4 a6 11. O-O Qc7 12. Rc1 Bd7 13. Nd5 Qd8 14. Nxc6 Bxc6 15. Nb6 Rb8 16. b4 Nc8 17. Nxc8 Rxc8 18. a4 b5 19. cxb5 axb5 20. a5 Qd7 21. Qd3 Rfd8 22. Rfd1 Qb7 23. Bb6 Rd7 24. Rc2 f5 25. Rdc1 fxe4 26. Bxe4 d5 27. Bg2 Rf7 28. Bh3 Re7 29. Bd4 Bxd4 30. Qxd4 Bd7 31. Rxc8+ Bxc8 32. Qf6 Re8 33. a6 Qf7 34. Qxf7+ Kxf7 35. a7 Bd7 36. Rc7 Ke7 37. Bf1 Kd6 38. Rxd7+ Kxd7 39. Bxb5+ 1-0


[Site "https://www.chess.com"]

[Event "Titled Tuesday Blitz June 13 Early 2023"]
[White "Maevsky, Nikolay"]
[Black "Sadhwani, Raunak"]
[WhiteFideId "4198220"]
[BlackFideId "35093487"]
[WhiteElo "2021"]
[BlackElo "2631"]
[Result "0-1"]
[Round "5"]
[TimeControl "180+2"]
[Date "2023.06.13"]
[WhiteClock "0:00:12"]
[BlackClock "0:00:25"]
[Board "22"]

1. d4 g6 2. c4 Bg7 3. Nc3 d6 4. e4 Nf6 5. Be2 O-O 6. Be3 Nc6 7. d5 Ne5 8. h3 e6 9. f4 Ned7 10. dxe6 fxe6 11. g4 Nc5 12. Qc2 b6 13. Bf3 Bb7 14. Nge2 a6 15. O-O-O Qe8 16. Ng3 b5 17. Qf2 b4 18. Bxc5 bxc3 19. Bd4 cxb2+ 20. Kb1 Nd7 21. Bxg7 Kxg7 22. f5 Ne5 23. Be2 a5 24. Rhg1 Ba6 25. Qd4 Qc6 26. Rd2 Kg8 27. Rc2 a4 28. Rc3 a3 29. fxe6 Bc8 30. Qd5 Kh8 31. e7 Re8 32. Rf1 Qxd5 33. cxd5 Rxe7 34. Rf8+ Kg7 35. Rd8 Nf7 36. Rxc8 Rxc8 37. Rxa3 Ng5 38. Bd3 Nxh3 39. Kxb2 Nf2 40. Bc2 Nxg4 41. Kc3 h5 42. Kd4 h4 43. Nf1 Ne5 44. Rh3 g5 45. Ne3 Kf6 46. Nf5 Rh7 47. Rh1 g4 48. Nxh4 Rxh4 49. Rxh4 Nf3+ 50. Ke3 Nxh4 51. Kf4 Ng6+ 52. Kxg4 Ke5 53. Kf3 Ne7 54. Ke3 Ra8 55. Bb3 Nc8 56. Kd3 Nb6 57. Ke3 Nd7 58. Bc4 Nc5 59. Kd2 Nxe4+ 60. Kd3 Nc5+ 61. Kc3 Rb8 62. a4 Nxa4+ 0-1


[Site "https://www.chess.com"]

[Event "Titled Tuesday Blitz June 13 Early 2023"]
[White "Jaracz, Pawel"]
[Black "Lazavik, Denis"]
[WhiteFideId "1102222"]
[BlackFideId "13515110"]
[WhiteElo "2454"]
[BlackElo "2560"]
[Result "0-1"]
[Round "5"]
[TimeControl "180+2"]
[Date "2023.06.13"]
[WhiteClock "0:00:13"]
[BlackClock "0:00:07"]
[Board "23"]

1. e4 c5 2. Nf3 e6 3. d4 cxd4 4. Nxd4 Nc6 5. Nc3 Qc7 6. Be2 Nf6 7. O-O a6 8. Be3 Be7 9. f4 d6 10. Qe1 O-O 11. Qg3 Nxd4 12. Bxd4 b5 13. a3 Bb7 14. Rae1 Rad8 15. Kh1 Ne8 16. Qe3 Rd7 17. Bd3 Qd8 18. Rf3 Bf6 19. Bb6 Qb8 20. e5 Bxf3 21. exf6 Bh5 22. Bd4 Nxf6 23. Bxf6 gxf6 24. Qh3 Bg6 25. f5 exf5 26. Nd5 Kg7 27. Bxf5 Ra7 28. Qh4 Qd8 29. Rf1 Re8 30. Qd4 Rb7 31. h4 Re5 32. Bxg6 fxg6 33. Nxf6 Rf7 0-1


[Site "https://www.chess.com"]

[Event "Titled Tuesday Blitz June 13 Early 2023"]
[White "Erigaisi Arjun"]
[Black "Timerkhanov, Alexander"]
[WhiteFideId "35009192"]
[BlackFideId "24177938"]
[WhiteElo "2719"]
[BlackElo "2278"]
[Result "1-0"]
[Round "5"]
[TimeControl "180+2"]
[Date "2023.06.13"]
[WhiteClock "0:01:11"]
[BlackClock "0:00:00"]
[Board "24"]

1. a4 d5 2. d4 Nf6 3. Nf3 Bf5 4. e3 e6 5. Bd3 Bxd3 6. Qxd3 c6 7. O-O Be7 8. a5 O-O 9. c4 dxc4 10. Qxc4 Nbd7 11. a6 Nb6 12. Qc2 Qc8 13. Ne5 bxa6 14. Qxc6 Nfd5 15. Bd2 Bf6 16. Qxc8 Rfxc8 17. Nd3 Nc4 18. Rxa6 Rab8 19. Rxa7 Nxb2 20. Nc5 Nc4 21. Ne4 Bd8 22. g4 f5 23. gxf5 exf5 24. Ng3 Rxb1 25. Rxb1 Nxd2 26. Rbb7 Nf3+ 27. Kf1 Bf6 28. Nxf5 Ng5 29. Rxg7+ Kf8 30. Rgd7 Rc1+ 31. Ke2 Nb6 32. Rdb7 Nc8 33. Ra8 Rc2+ 34. Kd3 Rc1 35. Nd6 1-0


[Site "https://www.chess.com"]